Canucks vs Canadiens
Created - April 2, 2024 at 21:51
Goals
|
| Canucks |
2 |
1 |
0 |
3 |
| Canadiens |
1 |
5 |
0 |
6 |
|
Shots
|
| Canucks |
4 |
8 |
10 |
22 |
| Canadiens |
7 |
17 |
18 |
42 |
|
1st period
1. Canucks , Jordan Eberle 17 (Oliver Ekman-Larsson 36) at 0:09
2. Canadiens , Mika Zibanejad 28 (Chris Kreider 35) at 2:23
3. Canucks , Gilbert Brule 11 (Ilya Kovalchuk 12, Chris Bourque 23) at 13:03
Penalties :
Jordan Szwarz (Mon) for Hooking (Minor) at 6:55, Ben Harpur (Van) for Holding (Minor) at 14:00, Teemu Hartikainen (Van) for Roughing (Minor) at 18:32
2nd period
4. Canadiens , David Pastrnak 33 (Chris Kreider 36, Mika Zibanejad 54) at 0:12 (PP)
5. Canadiens , Vincent Trocheck 15 (Jordan Szwarz 17, Alexandre Grenier 7) at 2:20
6. Canadiens , David Pastrnak 34 (Chris Kreider 37, Mika Zibanejad 55) at 3:09
7. Canucks , Gilbert Brule 12 (Ilya Kovalchuk 13, Tony DeAngelo 22) at 4:44
8. Canadiens , Artemi Panarin 29 (Vincent Trocheck 27) at 4:56
9. Canadiens , Jordan Szwarz 23 (Artemi Panarin 32, Vincent Trocheck 28) at 7:17 (PP)
Penalties :
Robert Nilsson (Van) for Hooking (Minor) at 7:00, J.T. Miller (Van) for Hooking (Minor) at 8:11
3rd period
No Goal
Penalties :
Tony DeAngelo (Van) for Hooking (Minor) at 9:20
Goalie Stats
Matt Hackett (Van), 27 saves from 29 shots - (0.931), 36:51 minutes
Petr Mrazek (Van), 9 saves from 13 shots - (0.692), L, 34-22-6, 23:09 minutes
Robin Lehner (Mon), 19 saves from 22 shots - (0.864), W, 27-18-5, 60:00 minutes
Players Stats for Canucks
Player Name G A P +/- PIM S H SB GA TA FO MP PP MP PK MP
------------------------------------------------------------------------------------
Alexander Edler 0 0 0 0 0 0 0 2 0 1 0/0 12:46 0:00 1:07
Alexander Kerfoot 0 0 0 -1 0 1 3 1 1 0 16/30 19:29 1:04 0:00
Beau Bennett 0 0 0 -1 0 0 2 0 0 0 0/0 8:34 0:00 0:26
Ben Harpur 0 0 0 0 2 0 0 0 0 0 0/0 10:01 0:00 0:00
Chris Bourque 0 1 1 1 0 3 2 0 0 0 0/0 12:23 0:00 0:52
Denis Gurianov 0 0 0 0 0 0 1 0 0 0 1/1 14:03 0:55 0:33
Derek Roy 0 0 0 -1 0 1 0 0 0 0 1/3 9:28 0:00 1:09
Gilbert Brule 2 0 2 1 0 3 1 0 1 0 1/2 11:43 0:00 0:12
Ilya Kovalchuk 0 2 2 1 0 1 2 0 0 0 0/0 11:31 0:00 0:00
J.T. Miller 0 0 0 -1 2 3 5 0 1 0 4/10 23:14 1:04 3:49
Jordan Eberle 1 0 1 -1 0 3 2 1 0 0 1/1 24:18 0:55 5:06
Lawson Crouse 0 0 0 0 0 1 0 0 0 0 0/2 15:59 1:04 2:47
Oliver Ekman-Larsson 0 1 1 -2 0 3 2 2 0 0 0/0 28:39 0:57 5:31
Robert Nilsson 0 0 0 0 2 1 0 0 0 0 5/10 14:30 0:55 1:20
Teemu Hartikainen 0 0 0 -1 2 0 0 0 0 0 0/0 8:09 0:00 0:00
Tony DeAngelo 0 1 1 1 2 1 0 2 0 0 0/0 18:37 1:02 1:16
Travis Hamonic 0 0 0 -2 0 1 3 3 0 2 0/0 28:39 0:57 5:31
Tyler Myers 0 0 0 1 0 0 1 0 0 0 0/0 19:58 1:02 1:57
Players Stats for Canadiens
Player Name G A P +/- PIM S H SB GA TA FO MP PP MP PK MP
------------------------------------------------------------------------------------
Alexandre Grenier 0 1 1 0 0 0 0 0 0 0 0/0 7:34 0:47 0:00
Artemi Panarin 1 1 2 0 0 8 1 0 0 1 2/3 20:44 2:28 1:01
Brandon Bollig 0 0 0 0 0 2 0 0 0 1 0/0 12:50 1:00 0:23
Brent Burns 0 0 0 1 0 1 2 0 0 0 0/1 19:25 3:59 0:56
Brian Dumoulin 0 0 0 0 0 1 1 0 0 0 0/0 16:29 3:59 0:56
Cam Fowler 0 0 0 0 0 1 1 1 1 0 0/0 27:27 3:18 1:03
Chris Kreider 0 3 3 0 0 2 1 1 0 0 1/2 21:50 2:55 1:01
Cody Eakin 0 0 0 0 0 2 1 0 0 0 3/6 12:53 1:18 0:00
Corban Knight 0 0 0 0 0 1 0 0 0 0 3/3 7:18 0:19 0:00
David Pastrnak 2 0 2 1 0 7 1 1 0 0 1/1 19:28 4:35 0:35
Jiri Sekac 0 0 0 0 0 0 1 0 0 0 0/0 7:52 0:37 0:23
Jordan Szwarz 1 1 2 0 2 8 4 0 0 0 0/0 19:59 2:45 0:00
Justin Schultz 0 0 0 1 0 1 0 1 1 0 0/0 15:51 0:37 0:00
Marcus Kruger 0 0 0 0 0 0 2 0 0 0 0/0 11:58 0:00 0:00
Mika Zibanejad 1 2 3 1 0 2 0 1 0 0 9/21 19:31 4:26 0:35
Rasmus Ristolainen 0 0 0 0 0 2 1 3 1 1 0/0 27:27 3:18 1:03
Sean Zimmerman 0 0 0 0 0 1 0 0 0 0 0/0 12:45 0:37 0:00
Vincent Trocheck 1 2 3 1 0 3 1 1 0 0 11/22 16:39 2:32 0:00
3 Stars
1 - Vincent Trocheck (Mon)
2 - David Pastrnak (Mon)
3 - Mika Zibanejad (Mon)
Power Play
Canucks - 0 on 1 Attempt(s) - 0.00%
Canadiens - 2 on 5 Attempt(s) - 40.00%
Penalty Kill
Canucks - 3 on 5 Attempt(s) - 60.00%
- Score 0 goal in Penalty Kill
Canadiens - 1 on 1 Attempt(s) - 100.00%
- Score 0 goal in Penalty Kill
Team Stat
Canucks - Hits : 24 - Faceoff Wins : 29 - Blocked Shots : 11 - Penalty Minutes : 10
Canadiens - Hits : 17 - Faceoff Wins : 30 - Blocked Shots : 9 - Penalty Minutes : 2
Official
Referees : Furman South and Graham Skilliter
Linesman : Derek Nansen and Brad Kovachik
Game Notes
2:23 of 1st period - Canadiens goal is going for a video replay. After video review, Goal.
Matt Hackett enters game at 3:09 of 2nd period
Finance
Level 1 -- Attendance: 6000 (100.00%) -- Ticket Income $600,000
Level 2 -- Attendance: 4467 (89.34%) -- Ticket Income $268,020
Level 3 -- Attendance: 1866 (93.30%) -- Ticket Income $65,310
Level 4 -- Attendance: 3848 (96.20%) -- Ticket Income $96,200
Luxury Box -- Attendance: 964 (96.40%) -- Ticket Income $192,800
Game was played at the Centre Bell.
Total Attendance: 17145 (95.25%)
Total Ticket Income: $1,222,330
Other Income: $183,350
Total Income: $1,405,680
Canucks
5 vs 5 Forward
Center Left Wing Right Wing Time % Phy DF OF
1 Alexander Kerfoot J.T. Miller Jordan Eberle 55 1 2 2
2 Robert Nilsson Denis Gurianov Lawson Crouse 30 1 2 2
3 Gilbert Brule Chris Bourque Ilya Kovalchuk 10 1 2 2
4 Derek Roy Teemu Hartikainen Beau Bennett 5 1 2 2
5 vs 5 Defense
Defense Defense Time % Phy DF OF
1 Oliver Ekman-Larsson Travis Hamonic 60 1 2 2
2 Tyler Myers Tony DeAngelo 25 1 2 2
3 Alexander Edler Ben Harpur 10 1 2 2
4 Oliver Ekman-Larsson Tony DeAngelo 5 1 2 2
PowerPlay Forward
Center Left Wing Right Wing Time % Phy DF OF
1 Alexander Kerfoot J.T. Miller Lawson Crouse 60 1 2 2
2 Robert Nilsson Jordan Eberle Denis Gurianov 40 1 2 2
PowerPlay Defense
Defense Defense Time % Phy DF OF
1 Oliver Ekman-Larsson Travis Hamonic 60 1 2 2
2 Tyler Myers Tony DeAngelo 40 1 2 2
Penalty Kill 4 Players Forward
Center Wing Time % Phy DF OF
1 J.T. Miller Jordan Eberle 60 1 2 2
2 Robert Nilsson Lawson Crouse 40 1 2 2
Penalty Kill 4 Players Defense
Defense Defense Time % Phy DF OF
1 Oliver Ekman-Larsson Travis Hamonic 60 1 2 2
2 Tyler Myers Tony DeAngelo 40 1 2 2
Penalty Kill - 3 Players Forward
Forward Time % Phy DF OF
1 J.T. Miller 60 1 2 2
2 Jordan Eberle 40 1 2 2
Penalty Kill - 3 Players Defense
Defense Defense Time % Phy DF OF
1 Oliver Ekman-Larsson Travis Hamonic 60 1 2 2
2 Tyler Myers Tony DeAngelo 40 1 2 2
4 vs 4 Forward
Center Wing Time % Phy DF OF
1 J.T. Miller Jordan Eberle 60 1 2 2
2 Robert Nilsson Lawson Crouse 40 1 2 2
4 vs 4 Defense
Defense Defense Time % Phy DF OF
1 Oliver Ekman-Larsson Travis Hamonic 60 1 2 2
2 Tyler Myers Tony DeAngelo 40 1 2 2
Last Minutes Offensive
Center Left Wing Right Wing Defense Defense
Alexander Kerfoot J.T. Miller Lawson Crouse Oliver Ekman-Larsson Travis Hamonic
Last Minutes Defensive
Center Left Wing Right Wing Defense Defense
Alexander Kerfoot J.T. Miller Jordan Eberle Oliver Ekman-Larsson Travis Hamonic
Goaltenders
Starting : Petr Mrazek
Backup : Matt Hackett
Extra Forwards
Normal : Gilbert Brule, Beau Bennett, Lawson Crouse - PP : Gilbert Brule, Beau Bennett - PK : Lawson Crouse
Extra Defensemen
Normal : Tony DeAngelo, Travis Hamonic, Alexander Edler - PP : Tony DeAngelo - PK : Tony DeAngelo, Alexander Edler
Penalty Shots
J.T. Miller, Jordan Eberle, Robert Nilsson, Denis Gurianov, Lawson Crouse
Custom OT Lines Forwards
J.T. Miller, Jordan Eberle, Robert Nilsson, Derek Roy, Ilya Kovalchuk, Gilbert Brule, Chris Bourque, Beau Bennett, Lawson Crouse, Teemu Hartikainen
Custom OT Lines Defensemen
Oliver Ekman-Larsson, Travis Hamonic, Tyler Myers, Ben Harpur, Tony DeAngelo
Scratches
None
Canadiens
5 vs 5 Forward
Center Left Wing Right Wing Time % Phy DF OF
1 Mika Zibanejad Chris Kreider David Pastrnak 40 0 2 3
2 Vincent Trocheck Artemi Panarin Jordan Szwarz 30 0 2 3
3 Cody Eakin Brandon Bollig Marcus Kruger 20 0 2 3
4 Corban Knight Jiri Sekac Alexandre Grenier 10 0 2 3
5 vs 5 Defense
Defense Defense Time % Phy DF OF
1 Rasmus Ristolainen Cam Fowler 40 0 2 3
2 Brent Burns Justin Schultz 30 0 2 3
3 Sean Zimmerman Brian Dumoulin 20 0 2 3
4 Rasmus Ristolainen Cam Fowler 10 0 2 3
PowerPlay Forward
Center Left Wing Right Wing Time % Phy DF OF
1 Mika Zibanejad Chris Kreider David Pastrnak 60 0 1 4
2 Vincent Trocheck Artemi Panarin Jordan Szwarz 40 0 1 4
PowerPlay Defense
Defense Defense Time % Phy DF OF
1 Rasmus Ristolainen Cam Fowler 60 0 1 4
2 Brian Dumoulin Brent Burns 40 0 1 4
Penalty Kill 4 Players Forward
Center Wing Time % Phy DF OF
1 Chris Kreider Artemi Panarin 60 1 2 2
2 Mika Zibanejad David Pastrnak 40 1 2 2
Penalty Kill 4 Players Defense
Defense Defense Time % Phy DF OF
1 Rasmus Ristolainen Cam Fowler 60 1 2 2
2 Brian Dumoulin Brent Burns 40 1 2 2
Penalty Kill - 3 Players Forward
Forward Time % Phy DF OF
1 Chris Kreider 60 0 3 2
2 Artemi Panarin 40 0 3 2
Penalty Kill - 3 Players Defense
Defense Defense Time % Phy DF OF
1 Rasmus Ristolainen Cam Fowler 60 0 3 2
2 Brian Dumoulin Brent Burns 40 0 3 2
4 vs 4 Forward
Center Wing Time % Phy DF OF
1 Chris Kreider Artemi Panarin 60 0 2 3
2 Mika Zibanejad David Pastrnak 40 0 2 3
4 vs 4 Defense
Defense Defense Time % Phy DF OF
1 Rasmus Ristolainen Cam Fowler 60 0 2 3
2 Brian Dumoulin Brent Burns 40 0 2 3
Last Minutes Offensive
Center Left Wing Right Wing Defense Defense
Mika Zibanejad Chris Kreider David Pastrnak Rasmus Ristolainen Cam Fowler
Last Minutes Defensive
Center Left Wing Right Wing Defense Defense
Mika Zibanejad Chris Kreider David Pastrnak Rasmus Ristolainen Cam Fowler
Goaltenders
Starting : Robin Lehner
Backup : Andrei Vasilevskiy
Extra Forwards
Normal : Jordan Szwarz, Cody Eakin, Brandon Bollig - PP : Jordan Szwarz, Cody Eakin - PK : Brandon Bollig
Extra Defensemen
Normal : Sean Zimmerman, Justin Schultz, Brian Dumoulin - PP : Sean Zimmerman - PK : Justin Schultz, Brian Dumoulin
Penalty Shots
Chris Kreider, Artemi Panarin, Mika Zibanejad, David Pastrnak, Marcus Kruger
Custom OT Lines Forwards
Chris Kreider, Artemi Panarin, Mika Zibanejad, David Pastrnak, Marcus Kruger, Jordan Szwarz, Vincent Trocheck, Cody Eakin, Brandon Bollig, Corban Knight
Custom OT Lines Defensemen
Rasmus Ristolainen, Cam Fowler, Brian Dumoulin, Brent Burns, Sean Zimmerman
Scratches
None
% Time on Ice - Canucks
Lines # - Real PCT - Wanted PCT - Time Play
Normal Forward
1 - 37% - 55% - 18:31
2 - 24% - 30% - 12:02
3 - 23% - 10% - 11:31
4 - 16% - 5% - 8:03
Normal Defense
1 - 46% - 60% - 22:51
2 - 34% - 25% - 16:59
3 - 19% - 10% - 9:42
4 - 1% - 5% - 0:35
PP Forward
1 - 54% - 60% - 1:04
2 - 46% - 40% - 0:55
PP Defense
1 - 48% - 60% - 0:57
2 - 52% - 40% - 1:02
PK Forward
1 - 83% - 60% - 6:34
2 - 17% - 40% - 1:20
PK Defense
1 - 75% - 60% - 5:57
2 - 25% - 40% - 1:57
PK3 Forward
1 - 0% - 60%
2 - 0% - 40%
PK3 Defense
1 - 0% - 60%
2 - 0% - 40%
44 Forward
1 - 0% - 60%
2 - 0% - 40%
44 Defense
1 - 0% - 60%
2 - 0% - 40%
Last Minute Offensive - 0:00
Last Minute Defensive - 0:00
Total
Forward - 60:00
Defense - 60:00
|
% Time on Ice - Canadiens
Lines # - Real PCT - Wanted PCT - Time Play
Normal Forward
1 - 36% - 40% - 18:00
2 - 26% - 30% - 13:09
3 - 24% - 20% - 12:10
4 - 14% - 10% - 6:48
Normal Defense
1 - 40% - 40% - 19:49
2 - 31% - 30% - 15:40
3 - 23% - 20% - 11:21
4 - 7% - 10% - 3:17
PP Forward
1 - 68% - 60% - 5:22
2 - 32% - 40% - 2:32
PP Defense
1 - 42% - 60% - 3:18
2 - 58% - 40% - 4:36
PK Forward
1 - 71% - 60% - 1:24
2 - 29% - 40% - 0:35
PK Defense
1 - 53% - 60% - 1:03
2 - 47% - 40% - 0:56
PK3 Forward
1 - 0% - 60%
2 - 0% - 40%
PK3 Defense
1 - 0% - 60%
2 - 0% - 40%
44 Forward
1 - 0% - 60%
2 - 0% - 40%
44 Defense
1 - 0% - 60%
2 - 0% - 40%
Last Minute Offensive - 0:00
Last Minute Defensive - 0:00
Total
Forward - 60:00
Defense - 60:00
|
Play-by-Play
1st period
0:01 of 1st period - Alexander Kerfoot wins face-off versus Mika Zibanejad in neutral zone.
0:09 of 1st period - Snap shot by Jordan Eberle.
0:09 of 1st period - Goal by Jordan Eberle - Canucks : 1 - Canadiens : 0.
0:10 of 1st period - Vincent Trocheck wins face-off versus Robert Nilsson in neutral zone.
0:36 of 1st period - Brandon Bollig is hit by J.T. Miller and loses puck.
2:23 of 1st period - Slapshot by Mika Zibanejad.
2:23 of 1st period - Canadiens goal is going for a video replay.
2:23 of 1st period - The goal is good.
2:23 of 1st period - Goal by Mika Zibanejad - Canucks : 1 - Canadiens : 1.
2:24 of 1st period - Mika Zibanejad wins face-off versus Alexander Kerfoot in neutral zone.
2:41 of 1st period - Slapshot by Chris Kreider.
2:41 of 1st period - Stopped by Petr Mrazek without a rebound.
2:42 of 1st period - Robert Nilsson wins face-off versus Vincent Trocheck in Canucks zone.
2:47 of 1st period - Artemi Panarin is hit by Denis Gurianov and loses puck.
3:36 of 1st period - Snap shot by Marcus Kruger.
3:36 of 1st period - Shot Blocked by Oliver Ekman-Larsson.
3:38 of 1st period - Slapshot by Sean Zimmerman.
3:38 of 1st period - Stopped by Petr Mrazek with a rebound.
3:40 of 1st period - Wrist shot by Brandon Bollig.
3:40 of 1st period - Stopped by Petr Mrazek with a rebound.
3:42 of 1st period - Wrist shot by Marcus Kruger.
3:42 of 1st period - Deflect By Oliver Ekman-Larsson.
3:42 of 1st period - Shot Blocked by Oliver Ekman-Larsson.
3:42 of 1st period - Puck is out of play.
3:43 of 1st period - J.T. Miller wins face-off versus Mika Zibanejad in Canucks zone.
3:50 of 1st period - Alexander Edler is hit by Chris Kreider and loses puck.
4:21 of 1st period - Slapshot by Rasmus Ristolainen.
4:21 of 1st period - Shot Misses the Net.
4:33 of 1st period - Slapshot by Justin Schultz.
4:33 of 1st period - Shot Misses the Net.
4:35 of 1st period - Slapshot by Corban Knight.
4:35 of 1st period - Stopped by Petr Mrazek without a rebound.
4:36 of 1st period - Corban Knight wins face-off versus Derek Roy in Canucks zone.
4:43 of 1st period - Jiri Sekac is hit by Oliver Ekman-Larsson and loses puck.
5:09 of 1st period - Snap shot by Alexander Kerfoot.
5:09 of 1st period - Shot Misses the Net.
5:50 of 1st period - Lawson Crouse is hit by Cody Eakin and loses puck.
6:03 of 1st period - Brian Dumoulin is hit by Ilya Kovalchuk and loses puck.
6:55 of 1st period - Minor Penalty to Jordan Szwarz for Hooking.
6:56 of 1st period - Alexander Kerfoot wins face-off versus Artemi Panarin in Canadiens zone.
8:01 of 1st period - J.T. Miller is hit by Brent Burns.
8:55 of 1st period - Penalty to Jordan Szwarz is over, Jordan Szwarz is back on ice.
9:34 of 1st period - Wrist shot by Artemi Panarin.
9:34 of 1st period - Shot Misses the Net.
10:26 of 1st period - Snap shot by Chris Kreider.
10:26 of 1st period - Shot Misses the Net.
11:29 of 1st period - Snap shot by Chris Bourque.
11:29 of 1st period - Shot Blocked by Cam Fowler.
11:59 of 1st period - Wrist shot by Gilbert Brule.
11:59 of 1st period - Shot Misses the Net.
12:11 of 1st period - Snap shot by Chris Kreider.
12:11 of 1st period - Shot Hit the Post.
12:32 of 1st period - Tony DeAngelo is hit by Artemi Panarin.
12:36 of 1st period - Chris Kreider is hit by Chris Bourque and loses puck.
12:59 of 1st period - Backhand shot by Ilya Kovalchuk.
12:59 of 1st period - Stopped by Robin Lehner with a rebound.
13:01 of 1st period - Wrist shot by Ilya Kovalchuk.
13:01 of 1st period - Shot Misses the Net.
13:03 of 1st period - Wrist shot by Gilbert Brule.
13:03 of 1st period - Goal by Gilbert Brule - Canucks : 2 - Canadiens : 1.
13:04 of 1st period - Alexander Kerfoot wins face-off versus Cody Eakin in neutral zone.
13:07 of 1st period - Cody Eakin is hit by Jordan Eberle and loses puck.
13:18 of 1st period - Slapshot by Marcus Kruger.
13:18 of 1st period - Deflect By Cody Eakin.
13:18 of 1st period - Stopped by Petr Mrazek without a rebound.
13:19 of 1st period - Corban Knight wins face-off versus Alexander Kerfoot in Canucks zone.
13:34 of 1st period - Snap shot by J.T. Miller.
13:34 of 1st period - Stopped by Robin Lehner with a rebound.
14:00 of 1st period - Minor Penalty to Ben Harpur for Holding.
14:01 of 1st period - Mika Zibanejad wins face-off versus J.T. Miller in Canucks zone.
14:12 of 1st period - Wrist shot by David Pastrnak.
14:12 of 1st period - Shot Misses the Net.
14:14 of 1st period - Slapshot by Cody Eakin.
14:14 of 1st period - Shot Misses the Net.
14:16 of 1st period - Wrist shot by David Pastrnak.
14:16 of 1st period - Stopped by Petr Mrazek with a rebound.
15:24 of 1st period - Slapshot by Oliver Ekman-Larsson.
15:24 of 1st period - Shot Misses the Net.
16:00 of 1st period - Penalty to Ben Harpur is over, Ben Harpur is back on ice.
17:50 of 1st period - Icing by Sean Zimmerman.
17:51 of 1st period - Derek Roy wins face-off versus Brent Burns in Canadiens zone.
18:32 of 1st period - Minor Penalty to Teemu Hartikainen for Roughing.
18:33 of 1st period - J.T. Miller wins face-off versus Mika Zibanejad in Canucks zone.
18:56 of 1st period - Lawson Crouse is hit by David Pastrnak and loses puck.
19:28 of 1st period - Off-side.
19:29 of 1st period - Robert Nilsson wins face-off versus Mika Zibanejad in neutral zone.
19:38 of 1st period - Backhand shot by Robert Nilsson.
19:38 of 1st period - Shot Misses the Net.
Goals for this period are 2 for Canucks vs 1 for Canadiens.
Shots for this period are 4 for Canucks vs 7 for Canadiens.
2nd period
0:01 of 2nd period - Mika Zibanejad wins face-off versus J.T. Miller in neutral zone.
0:10 of 2nd period - Snap shot by Chris Kreider.
0:10 of 2nd period - Shot Misses the Net.
0:12 of 2nd period - Slapshot by David Pastrnak.
0:12 of 2nd period - Goal by David Pastrnak - Canucks : 2 - Canadiens : 2.
0:13 of 2nd period - Vincent Trocheck wins face-off versus Alexander Kerfoot in neutral zone.
1:10 of 2nd period - Wrist shot by Derek Roy.
1:10 of 2nd period - Stopped by Robin Lehner without a rebound.
1:11 of 2nd period - Vincent Trocheck wins face-off versus Alexander Kerfoot in Canadiens zone.
1:20 of 2nd period - Jordan Eberle is hit by Jordan Szwarz and loses puck.
2:18 of 2nd period - Wrist shot by Jordan Szwarz.
2:18 of 2nd period - Stopped by Petr Mrazek with a rebound.
2:20 of 2nd period - Snap shot by Vincent Trocheck.
2:20 of 2nd period - Goal by Vincent Trocheck - Canucks : 2 - Canadiens : 3.
2:21 of 2nd period - Vincent Trocheck wins face-off versus Alexander Kerfoot in neutral zone.
2:37 of 2nd period - Icing by Brent Burns.
2:38 of 2nd period - Artemi Panarin wins face-off versus Alexander Kerfoot in Canadiens zone.
2:45 of 2nd period - Slapshot by Jordan Szwarz.
2:45 of 2nd period - Shot Misses the Net.
2:47 of 2nd period - Slapshot by Jordan Szwarz.
2:47 of 2nd period - Stopped by Petr Mrazek with a rebound.
2:49 of 2nd period - Slapshot by Brent Burns.
2:49 of 2nd period - Stopped by Petr Mrazek with a rebound.
2:51 of 2nd period - Wrist shot by Vincent Trocheck.
2:51 of 2nd period - Deflect By Alexander Kerfoot.
2:51 of 2nd period - Shot Blocked by Travis Hamonic.
2:51 of 2nd period - Puck is out of play.
2:52 of 2nd period - Mika Zibanejad wins face-off versus Alexander Kerfoot in Canucks zone.
3:07 of 2nd period - Snap shot by Chris Kreider.
3:07 of 2nd period - Shot Misses the Net.
3:09 of 2nd period - Snap shot by David Pastrnak.
3:09 of 2nd period - Goal by David Pastrnak - Canucks : 2 - Canadiens : 4.
3:09 of 2nd period - Matt Hackett enters game.
3:10 of 2nd period - Alexander Kerfoot wins face-off versus Vincent Trocheck in neutral zone.
3:13 of 2nd period - Slapshot by Oliver Ekman-Larsson.
3:13 of 2nd period - Stopped by Robin Lehner with a rebound.
3:37 of 2nd period - Travis Hamonic is hit by Rasmus Ristolainen and loses puck.
3:46 of 2nd period - Wrist shot by Brandon Bollig.
3:46 of 2nd period - Shot Misses the Net.
3:48 of 2nd period - Wrist shot by Cody Eakin.
3:48 of 2nd period - Shot Blocked by Alexander Kerfoot.
4:04 of 2nd period - Wrist shot by David Pastrnak.
4:04 of 2nd period - Stopped by Matt Hackett with a rebound.
4:42 of 2nd period - Wrist shot by Ilya Kovalchuk.
4:42 of 2nd period - Shot Misses the Net.
4:44 of 2nd period - Snap shot by Gilbert Brule.
4:44 of 2nd period - Goal by Gilbert Brule - Canucks : 3 - Canadiens : 4.
4:45 of 2nd period - Artemi Panarin wins face-off versus Alexander Kerfoot in neutral zone.
4:50 of 2nd period - Snap shot by Artemi Panarin.
4:50 of 2nd period - Stopped by Matt Hackett with a rebound.
4:52 of 2nd period - Slapshot by Rasmus Ristolainen.
4:52 of 2nd period - Stopped by Matt Hackett without a rebound.
4:53 of 2nd period - Vincent Trocheck wins face-off versus Alexander Kerfoot in Canucks zone.
4:56 of 2nd period - Wrist shot by Artemi Panarin.
4:56 of 2nd period - Goal by Artemi Panarin - Canucks : 3 - Canadiens : 5.
4:57 of 2nd period - Alexander Kerfoot wins face-off versus Vincent Trocheck in neutral zone.
5:11 of 2nd period - Off-side.
5:12 of 2nd period - Alexander Kerfoot wins face-off versus Mika Zibanejad in neutral zone.
5:15 of 2nd period - Chris Kreider is hit by Alexander Kerfoot and loses puck.
5:35 of 2nd period - Icing by Rasmus Ristolainen.
5:36 of 2nd period - Denis Gurianov wins face-off versus Mika Zibanejad in Canadiens zone.
5:39 of 2nd period - Snap shot by Robert Nilsson.
5:39 of 2nd period - Shot Blocked by Mika Zibanejad.
5:51 of 2nd period - Slapshot by Rasmus Ristolainen.
5:51 of 2nd period - Stopped by Matt Hackett with a rebound.
6:27 of 2nd period - Snap shot by Chris Kreider.
6:27 of 2nd period - Shot Misses the Net.
6:47 of 2nd period - Snap shot by Mika Zibanejad.
6:47 of 2nd period - Shot Blocked by Tony DeAngelo.
6:51 of 2nd period - Snap shot by Chris Kreider.
6:51 of 2nd period - Stopped by Matt Hackett without a rebound.
6:52 of 2nd period - Vincent Trocheck wins face-off versus Lawson Crouse in Canucks zone.
7:00 of 2nd period - Minor Penalty to Robert Nilsson for Hooking.
7:01 of 2nd period - Vincent Trocheck wins face-off versus J.T. Miller in Canucks zone.
7:17 of 2nd period - Wrist shot by Jordan Szwarz.
7:17 of 2nd period - Goal by Jordan Szwarz - Canucks : 3 - Canadiens : 6.
7:18 of 2nd period - Alexander Kerfoot wins face-off versus Vincent Trocheck in neutral zone.
7:21 of 2nd period - Vincent Trocheck is hit by Travis Hamonic and loses puck.
7:51 of 2nd period - Wrist shot by Jordan Szwarz.
7:51 of 2nd period - Deflect By Lawson Crouse.
7:51 of 2nd period - Shot Misses the Net.
7:51 of 2nd period - Puck is out of play.
7:52 of 2nd period - Alexander Kerfoot wins face-off versus Chris Kreider in Canucks zone.
8:11 of 2nd period - Minor Penalty to J.T. Miller for Hooking.
8:12 of 2nd period - Jordan Eberle wins face-off versus Mika Zibanejad in Canucks zone.
8:26 of 2nd period - Snap shot by Jordan Eberle.
8:26 of 2nd period - Deflect By Lawson Crouse.
8:26 of 2nd period - Shot Blocked by Chris Kreider.
8:26 of 2nd period - Puck is out of play.
8:27 of 2nd period - Chris Kreider wins face-off versus Lawson Crouse in Canadiens zone.
8:34 of 2nd period - Snap shot by David Pastrnak.
8:34 of 2nd period - Shot Misses the Net.
10:11 of 2nd period - Penalty to J.T. Miller is over, J.T. Miller is back on ice.
10:46 of 2nd period - Slapshot by Brian Dumoulin.
10:46 of 2nd period - Shot Blocked by Alexander Edler.
11:08 of 2nd period - Alexander Kerfoot is hit by Jordan Szwarz and loses puck.
11:22 of 2nd period - Off-side.
11:23 of 2nd period - Cody Eakin wins face-off versus Derek Roy in neutral zone.
11:54 of 2nd period - Wrist shot by Chris Kreider.
11:54 of 2nd period - Shot Misses the Net.
12:26 of 2nd period - Gilbert Brule is hit by Jordan Szwarz and loses puck.
13:11 of 2nd period - Slapshot by David Pastrnak.
13:11 of 2nd period - Stopped by Matt Hackett without a rebound.
13:12 of 2nd period - Alexander Kerfoot wins face-off versus Mika Zibanejad in Canucks zone.
13:17 of 2nd period - Chris Kreider is hit by Jordan Eberle and loses puck.
13:53 of 2nd period - Snap shot by Artemi Panarin.
13:53 of 2nd period - Stopped by Matt Hackett with a rebound.
14:19 of 2nd period - Marcus Kruger is hit by Travis Hamonic and loses puck.
14:30 of 2nd period - Wrist shot by Chris Bourque.
14:30 of 2nd period - Stopped by Robin Lehner with a rebound.
14:46 of 2nd period - Brandon Bollig is hit by Tyler Myers and loses puck.
15:10 of 2nd period - Snap shot by Gilbert Brule.
15:10 of 2nd period - Shot Misses the Net.
15:34 of 2nd period - Off-side.
15:35 of 2nd period - Vincent Trocheck wins face-off versus Alexander Kerfoot in neutral zone.
16:11 of 2nd period - Slapshot by Oliver Ekman-Larsson.
16:11 of 2nd period - Stopped by Robin Lehner with a rebound.
16:13 of 2nd period - Snap shot by Lawson Crouse.
16:13 of 2nd period - Stopped by Robin Lehner without a rebound.
16:14 of 2nd period - Vincent Trocheck wins face-off versus Alexander Kerfoot in Canadiens zone.
16:14 of 2nd period - Vincent Trocheck is hit by J.T. Miller.
16:20 of 2nd period - Snap shot by Jordan Szwarz.
16:20 of 2nd period - Stopped by Matt Hackett without a rebound.
16:21 of 2nd period - Alexander Kerfoot wins face-off versus Vincent Trocheck in Canucks zone.
16:38 of 2nd period - Slapshot by Alexander Kerfoot.
16:38 of 2nd period - Shot Blocked by Justin Schultz.
16:40 of 2nd period - Slapshot by Alexander Edler.
16:40 of 2nd period - Deflect By Jordan Eberle.
16:40 of 2nd period - Stopped by Robin Lehner with a rebound.
17:04 of 2nd period - Snap shot by Jordan Szwarz.
17:04 of 2nd period - Deflect By Artemi Panarin.
17:04 of 2nd period - Stopped by Matt Hackett with a rebound.
17:16 of 2nd period - Wrist shot by J.T. Miller.
17:16 of 2nd period - Shot Misses the Net.
17:18 of 2nd period - Wrist shot by Jordan Eberle.
17:18 of 2nd period - Stopped by Robin Lehner without a rebound.
17:19 of 2nd period - Mika Zibanejad wins face-off versus Robert Nilsson in Canadiens zone.
18:05 of 2nd period - Off-side.
18:06 of 2nd period - Corban Knight wins face-off versus Gilbert Brule in neutral zone.
18:31 of 2nd period - Tyler Myers is hit by Marcus Kruger.
18:35 of 2nd period - Marcus Kruger is hit by Travis Hamonic and loses puck.
18:56 of 2nd period - Chris Kreider is hit by Ilya Kovalchuk and loses puck.
19:14 of 2nd period - Icing by Oliver Ekman-Larsson.
19:15 of 2nd period - Alexander Kerfoot wins face-off versus Vincent Trocheck in Canucks zone.
19:20 of 2nd period - Snap shot by Artemi Panarin.
19:20 of 2nd period - Shot Misses the Net.
19:56 of 2nd period - Alexander Kerfoot is hit by Brent Burns and loses puck.
Goals for this period are 1 for Canucks vs 5 for Canadiens.
Shots for this period are 8 for Canucks vs 17 for Canadiens.
3rd period
0:01 of 3rd period - Alexander Kerfoot wins face-off versus Vincent Trocheck in neutral zone.
0:13 of 3rd period - Snap shot by Jordan Szwarz.
0:13 of 3rd period - Stopped by Matt Hackett with a rebound.
0:15 of 3rd period - Snap shot by Cam Fowler.
0:15 of 3rd period - Stopped by Matt Hackett with a rebound.
0:17 of 3rd period - Slapshot by Artemi Panarin.
0:17 of 3rd period - Stopped by Matt Hackett without a rebound.
0:18 of 3rd period - Robert Nilsson wins face-off versus Mika Zibanejad in Canucks zone.
0:25 of 3rd period - Slapshot by Travis Hamonic.
0:25 of 3rd period - Deflect By Robert Nilsson.
0:25 of 3rd period - Stopped by Robin Lehner with a rebound.
0:27 of 3rd period - Slapshot by Travis Hamonic.
0:27 of 3rd period - Shot Blocked by Rasmus Ristolainen.
0:29 of 3rd period - Slapshot by Travis Hamonic.
0:29 of 3rd period - Shot Blocked by David Pastrnak.
0:43 of 3rd period - Mika Zibanejad is hit by J.T. Miller and loses puck.
1:24 of 3rd period - Snap shot by Gilbert Brule.
1:24 of 3rd period - Shot Misses the Net.
1:50 of 3rd period - Snap shot by Artemi Panarin.
1:50 of 3rd period - Stopped by Matt Hackett with a rebound.
1:52 of 3rd period - Wrist shot by Vincent Trocheck.
1:52 of 3rd period - Stopped by Matt Hackett with a rebound.
1:54 of 3rd period - Wrist shot by Artemi Panarin.
1:54 of 3rd period - Shot Blocked by Travis Hamonic.
1:56 of 3rd period - Wrist shot by Jordan Szwarz.
1:56 of 3rd period - Stopped by Matt Hackett without a rebound.
1:57 of 3rd period - Robert Nilsson wins face-off versus Vincent Trocheck in Canucks zone.
2:06 of 3rd period - Slapshot by Tony DeAngelo.
2:06 of 3rd period - Shot Blocked by Vincent Trocheck.
2:14 of 3rd period - Snap shot by Artemi Panarin.
2:14 of 3rd period - Shot Blocked by Tony DeAngelo.
2:34 of 3rd period - Cody Eakin is hit by J.T. Miller and loses puck.
3:00 of 3rd period - Sean Zimmerman is hit by Beau Bennett and loses puck.
3:15 of 3rd period - Snap shot by Artemi Panarin.
3:15 of 3rd period - Shot Misses the Net.
3:17 of 3rd period - Snap shot by Brian Dumoulin.
3:17 of 3rd period - Stopped by Matt Hackett with a rebound.
3:19 of 3rd period - Slapshot by Jordan Szwarz.
3:19 of 3rd period - Stopped by Matt Hackett with a rebound.
3:21 of 3rd period - Wrist shot by Artemi Panarin.
3:21 of 3rd period - Stopped by Matt Hackett with a rebound.
4:06 of 3rd period - Robert Nilsson is hit by Cam Fowler and loses puck.
4:48 of 3rd period - Snap shot by Alexander Kerfoot.
4:48 of 3rd period - Stopped by Robin Lehner with a rebound.
4:50 of 3rd period - Wrist shot by J.T. Miller.
4:50 of 3rd period - Stopped by Robin Lehner without a rebound.
4:51 of 3rd period - Alexander Kerfoot wins face-off versus Cody Eakin in Canadiens zone.
4:58 of 3rd period - Cody Eakin is hit by Alexander Kerfoot and loses puck.
5:15 of 3rd period - Snap shot by Jordan Eberle.
5:15 of 3rd period - Shot Misses the Net.
5:17 of 3rd period - Snap shot by J.T. Miller.
5:17 of 3rd period - Deflect By Alexander Kerfoot.
5:17 of 3rd period - Shot Misses the Net.
5:17 of 3rd period - Puck is out of play.
5:18 of 3rd period - Mika Zibanejad wins face-off versus Robert Nilsson in Canadiens zone.
5:25 of 3rd period - Chris Kreider is hit by Oliver Ekman-Larsson and loses puck.
6:13 of 3rd period - Wrist shot by Chris Bourque.
6:13 of 3rd period - Stopped by Robin Lehner with a rebound.
6:48 of 3rd period - Off-side.
6:49 of 3rd period - Alexander Kerfoot wins face-off versus Mika Zibanejad in neutral zone.
6:52 of 3rd period - Slapshot by Oliver Ekman-Larsson.
6:52 of 3rd period - Stopped by Robin Lehner with a rebound.
7:01 of 3rd period - Off-side.
7:02 of 3rd period - Alexander Kerfoot wins face-off versus Mika Zibanejad in neutral zone.
7:07 of 3rd period - Wrist shot by Alexander Kerfoot.
7:07 of 3rd period - Shot Misses the Net.
8:09 of 3rd period - Ilya Kovalchuk is hit by Jiri Sekac.
8:34 of 3rd period - Alexander Edler is hit by Vincent Trocheck and loses puck.
9:01 of 3rd period - Snap shot by David Pastrnak.
9:01 of 3rd period - Shot Misses the Net.
9:20 of 3rd period - Minor Penalty to Tony DeAngelo for Hooking.
9:21 of 3rd period - J.T. Miller wins face-off versus Vincent Trocheck in Canucks zone.
9:25 of 3rd period - Wrist shot by Jordan Eberle.
9:25 of 3rd period - Deflect By J.T. Miller.
9:25 of 3rd period - Stopped by Robin Lehner without a rebound.
9:26 of 3rd period - J.T. Miller wins face-off versus Vincent Trocheck in Canadiens zone.
9:27 of 3rd period - Slapshot by Oliver Ekman-Larsson.
9:27 of 3rd period - Shot Misses the Net.
9:29 of 3rd period - Slapshot by Travis Hamonic.
9:29 of 3rd period - Stopped by Robin Lehner with a rebound.
9:31 of 3rd period - Wrist shot by Oliver Ekman-Larsson.
9:31 of 3rd period - Shot Blocked by Rasmus Ristolainen.
9:33 of 3rd period - Backhand shot by Oliver Ekman-Larsson.
9:33 of 3rd period - Shot Blocked by Rasmus Ristolainen.
9:35 of 3rd period - Snap shot by J.T. Miller.
9:35 of 3rd period - Deflect By Jordan Szwarz.
9:35 of 3rd period - Shot Misses the Net.
9:35 of 3rd period - Puck is out of play.
9:36 of 3rd period - David Pastrnak wins face-off versus J.T. Miller in Canadiens zone.
10:13 of 3rd period - Slapshot by Artemi Panarin.
10:13 of 3rd period - Shot Blocked by Travis Hamonic.
11:02 of 3rd period - Slapshot by David Pastrnak.
11:02 of 3rd period - Stopped by Matt Hackett without a rebound.
11:03 of 3rd period - Vincent Trocheck wins face-off versus J.T. Miller in Canucks zone.
11:08 of 3rd period - Slapshot by Jordan Szwarz.
11:08 of 3rd period - Stopped by Matt Hackett with a rebound.
11:10 of 3rd period - Backhand shot by Rasmus Ristolainen.
11:10 of 3rd period - Deflect By Vincent Trocheck.
11:10 of 3rd period - Stopped by Matt Hackett without a rebound.
11:11 of 3rd period - Vincent Trocheck wins face-off versus J.T. Miller in Canucks zone.
11:12 of 3rd period - Snap shot by Artemi Panarin.
11:12 of 3rd period - Shot Blocked by Alexander Edler.
11:14 of 3rd period - Snap shot by Artemi Panarin.
11:14 of 3rd period - Shot Misses the Net.
11:20 of 3rd period - Penalty to Tony DeAngelo is over, Tony DeAngelo is back on ice.
12:02 of 3rd period - Lawson Crouse is hit by Jordan Szwarz and loses puck.
12:33 of 3rd period - Snap shot by Artemi Panarin.
12:33 of 3rd period - Stopped by Matt Hackett without a rebound.
12:34 of 3rd period - Mika Zibanejad wins face-off versus Alexander Kerfoot in Canucks zone.
13:54 of 3rd period - J.T. Miller is hit by Brian Dumoulin and loses puck.
14:26 of 3rd period - Sean Zimmerman is hit by Chris Bourque and loses puck.
14:37 of 3rd period - Derek Roy is hit by Marcus Kruger and loses puck.
14:54 of 3rd period - Brent Burns is hit by J.T. Miller and loses puck.
16:00 of 3rd period - Vincent Trocheck is hit by Beau Bennett and loses puck.
16:26 of 3rd period - Off-side.
16:27 of 3rd period - Mika Zibanejad wins face-off versus Robert Nilsson in neutral zone.
16:32 of 3rd period - Snap shot by David Pastrnak.
16:32 of 3rd period - Shot Misses the Net.
16:34 of 3rd period - Wrist shot by Mika Zibanejad.
16:34 of 3rd period - Stopped by Matt Hackett with a rebound.
16:36 of 3rd period - Wrist shot by David Pastrnak.
16:36 of 3rd period - Stopped by Matt Hackett without a rebound.
16:37 of 3rd period - Alexander Kerfoot wins face-off versus Vincent Trocheck in Canucks zone.
17:35 of 3rd period - Wrist shot by Gilbert Brule.
17:35 of 3rd period - Stopped by Robin Lehner without a rebound.
17:36 of 3rd period - Gilbert Brule wins face-off versus Cody Eakin in Canadiens zone.
17:43 of 3rd period - Snap shot by Chris Bourque.
17:43 of 3rd period - Stopped by Robin Lehner with a rebound.
17:45 of 3rd period - Slapshot by Tony DeAngelo.
17:45 of 3rd period - Stopped by Robin Lehner without a rebound.
17:46 of 3rd period - Cody Eakin wins face-off versus Alexander Kerfoot in Canadiens zone.
17:46 of 3rd period - Cody Eakin is hit by Alexander Kerfoot.
18:04 of 3rd period - Wrist shot by Brandon Bollig.
18:04 of 3rd period - Stopped by Matt Hackett with a rebound.
18:06 of 3rd period - Snap shot by Brandon Bollig.
18:06 of 3rd period - Shot Misses the Net.
18:08 of 3rd period - Snap shot by Brandon Bollig.
18:08 of 3rd period - Shot Misses the Net.
18:10 of 3rd period - Snap shot by Cody Eakin.
18:10 of 3rd period - Shot Blocked by Jordan Eberle.
18:18 of 3rd period - Snap shot by Cody Eakin.
18:18 of 3rd period - Stopped by Matt Hackett without a rebound.
18:19 of 3rd period - Robert Nilsson wins face-off versus Mika Zibanejad in Canucks zone.
18:46 of 3rd period - Rasmus Ristolainen is hit by Gilbert Brule and loses puck.
19:27 of 3rd period - Off-side.
19:28 of 3rd period - Cody Eakin wins face-off versus Robert Nilsson in neutral zone.
19:39 of 3rd period - Slapshot by Justin Schultz.
19:39 of 3rd period - Deflect By Denis Gurianov.
19:39 of 3rd period - Stopped by Matt Hackett without a rebound.
19:40 of 3rd period - Mika Zibanejad wins face-off versus Alexander Kerfoot in Canucks zone.
Goals for this period are 0 for Canucks vs 0 for Canadiens.
Shots for this period are 10 for Canucks vs 18 for Canadiens.